 Dungeon Crawl Stone Soup version 0.30.0-15-g856e2d3f33 (webtiles) character file.

Game seed: 4513440773861331533

54 CaptainMV the Poker (level 3, -1/25 HPs)
             Began as a Demonspawn Wanderer on May 19, 2023.
             Slain by Natasha (7 damage)
             ... on level 2 of the Dungeon.
             The game lasted 00:08:46 (1017 turns).

CaptainMV the Poker (Demonspawn Wanderer)           Turns: 1017, Time: 00:08:47

Health: -1/25      AC:  4    Str: 10    XL:     3   Next: 66%
Magic:  3/3        EV: 12    Int: 11    God:
Gold:   55         SH: 11    Dex: 18    Spells: 2/2 levels left

rFire   . . .        a - +0 spear
rCold   . . .        b - +2 buckler
rNeg    . . .        e - +0 robe
rPois   .            (no helmet)
rElec   .            c - +0 cloak
rCorr   .            m - +0 pair of gloves
SInv    .            (no boots)
Will    .....        (no amulet)
Stlth   ++           (no ring)
HPRegen 0.24/turn    (no ring)
MPRegen 0.08/turn

%: no passive effects
@: no status effects
A: condensation shield
a: no special abilities


You were on level 2 of the Dungeon.
You visited 1 branch of the dungeon, and saw 2 of its levels.

You collected 55 gold pieces.

Inventory:

Hand Weapons
 a - a +0 spear (weapon)
Armour
 b - a +2 buckler (worn)
 c - a +0 cloak (worn)
 e - a +0 robe (worn)
 m - a +0 pair of gloves (worn)
Jewellery
 f - an amulet of the acrobat
 k - a ring of wizardry
Scrolls
 d - a scroll of vulnerability
 h - 2 scrolls of immolation {unknown}
 l - a scroll of magic mapping
 o - a scroll of blinking {unknown}
Potions
 g - 3 potions of mutation {unknown}
 i - 2 potions of flight
 j - a potion of brilliance {unknown}
 n - a potion of curing {unknown}


   Skills:
 + Level 0.6 Fighting
 + Level 3.5 Polearms
 + Level 1.0 Armour
 + Level 2.1 Dodging
 + Level 0.4 Stealth
 + Level 3.1 Shields
 + Level 1.0 Evocations


You had 2 spell levels left.
You didn't know any spells.
Your spell library was empty.

Dungeon Overview and Level Annotations

Branches:
Dungeon (2/15)

Altars:

Annotations:
D:2 Ijyb, Natasha


Innate Abilities, Weirdness & Mutations

A meltable shield of frost defends you. (SH +4)


Message History

Natasha is moderately wounded.
Natasha growls.
You block Natasha's attack.
You hit Natasha.
Natasha is heavily wounded.
You block Natasha's attack.
You barely miss Natasha.
Natasha is heavily wounded.
Natasha misses you.
You miss Natasha.
Natasha is heavily wounded.
Natasha stares at you and mumbles some strange words.
The magic dart hits you.
You hit Natasha but do no damage.
Natasha is heavily wounded.
You block Natasha's attack.
You closely miss Natasha.
Natasha is heavily wounded.
Natasha claws you.
You hit Natasha.
Natasha is severely wounded.
Natasha claws you but does no damage.
You barely miss Natasha.
Natasha is severely wounded.
Natasha barely misses you.
You hit Natasha.
Natasha is almost dead.
Natasha casts a spell at you. The magic dart hits you!
* * * LOW HITPOINT WARNING * * *
You hit Natasha but do no damage.
Natasha is almost dead.
You block Natasha's attack.
You barely miss Natasha.
Natasha is almost dead.
Natasha mumbles some strange words.
You barely miss Natasha.
Natasha is almost dead.
Natasha claws you!
You die...

#.# #.#..<..# #.#
#.#.###.# #.# #...# #.#
##.# ###.###.# ##..#
#.....##
####...###########...####
+....................†..'
####...###########...####
#.5gh@....# ##..# #
#.#g####### ###.##
#.g.8.8.8.8 #..#.#
#....g.gg.. #.#.##
#....gg.... #.###
#.......... #.#
##.....g.g. ###.###
#......... #.....#
...8.8.8.8 ###.#.###


You could see Natasha, a cerulean imp (summoned) and 3 goblins.

Vanquished Creatures
  Natasha (D:2)
  A worm (D:2)
  2 dart slugs (D:1)
  3 bats (D:1)
  3 endoplasms (D:1)
  2 hobgoblins
  2 quokkas (D:1)
  3 ball pythons (D:1)
  2 kobolds (D:1)
  6 rats
25 creatures vanquished.

Notes
Turn   | Place    | Note
-------+----------+-------------------------------------------
     0 | D:1      | CaptainMV the Demonspawn Wanderer began the quest for the
                  | Orb.
     0 | D:1      | CaptainMV set off with the following items: a +0 spear, a
                  | +2 buckler, a +0 cloak, a scroll of vulnerability, a +0
                  | robe.
     0 | D:1      | Reached XP level 1. HP: 13/13 MP: 1/1
   131 | D:1      | Gained mutation: A meltable shield of frost defends you.
                  | (SH +4) [demonic ancestry]
   131 | D:1      | Reached XP level 2. HP: 14/19 MP: 2/2
   618 | D:2      | Noticed Natasha
   629 | D:2      | Killed Natasha
   630 | D:2      | Reached XP level 3. HP: 13/25 MP: 3/3
   994 | D:2      | Noticed Natasha
   997 | D:2      | Noticed Ijyb
  1017 | D:2      | Slain by Natasha

Illustrated notes

Levels and vault maps discovered:
D:1:      ncdulo_lavacross, layout_loops_ring
D:2:      kennysheep_the_goblin_king, layout_loops_corners, serial_shops,
          nicolae_shop_rolled_up, basic_ecumenical_altar, uniq_natasha,
          uniq_crazy_yiuf_cottage, uniq_terence

Skill      XL: |  1  2 |
---------------+-------+-----
Polearms       | 3 |  3.5
Dodging        | 2 |  2.1
Shields        | 3 |  3.1
Fighting       | |  0.6
Armour         | |  1.0
Stealth        | |  0.4
Evocations     | |  1.0

Action                     || total
---------------------------++-------
  Melee: Spear             ||   125
    Use: Scroll            ||     3
         Potion            ||     1
   Stab: Sleeping          ||     2
 Armour: Robe              ||    10
  Dodge: Dodged            ||    32
  Block: Buckler           ||    52
